 Dungeon Crawl Stone Soup version 0.27-a0-1256-gced786f65e (webtiles) character file.

Game seed: 16972090306044564263

56 pepper333 the Skirmisher (level 3, -3/29 HPs)
             Began as a Demonspawn Abyssal Knight on June 11, 2021.
             Was a Follower of Lugonu.
             Slain by an orc
             ... wielding a +0 flail
              (4 damage)
             ... on level 3 of the Dungeon.
             The game lasted 00:04:34 (2537 turns).

pepper333 the Skirmisher (DsAK)                     Turns: 2537, Time: 00:04:35

Health: -3/29      AC:  5    Str: 13    XL:     3   Next: 71%
Magic:  5/5        EV: 11    Int: 13    God:    Lugonu [*.....]
Gold:   28         SH:  0    Dex: 12    Spells: 2/2 levels left

rFire    . . .     SeeInvis .   a - +1 short sword
rCold    . . .     Faith    .   (no shield)
rNeg     . . .     Spirit   .   b - +0 leather armour
rPois    .         Reflect  .   (no helmet)
rElec    .         Harm     .   (no cloak)
rCorr    .         Rampage  .   (no gloves)
Will     .....                  (no boots)
Stlth    +.........             (no amulet)
HPRegen  0.09/turn              (no ring)
MPRegen  0.18/turn              (no ring)

@: no status effects
A: slimy green scales 1, magic regeneration
a: Renounce Religion, Depart the Abyss


You were on level 3 of the Dungeon.
You worshipped Lugonu.
Lugonu was aware of your devotion.
You visited 1 branch of the dungeon, and saw 3 of its levels.
You visited the Abyss 1 time.

You collected 28 gold pieces.

Inventory:

Hand Weapons
 a - a +1 short sword (weapon)
 j - a +0 antimagic mace
Armour
 b - a +0 leather armour (worn)
Scrolls
 c - 2 scrolls of teleportation {unknown}
 f - a scroll of magic mapping {unknown}
 g - a scroll of summoning {unknown}
 h - 2 scrolls of identify {unknown}
 l - a scroll of holy word {unknown}
Potions
 d - a potion of magic {unknown}
 e - 3 potions of curing {unknown}
 i - a potion of attraction {unknown}
 k - a potion of mutation {unknown}


   Skills:
 + Level 3.5 Fighting
 + Level 2.4 Short Blades
 + Level 2.1 Armour
 + Level 1.5 Dodging
 + Level 2.7 Invocations


You had 2 spell levels left.
You didn't know any spells.
Your spell library contained the following spells:

 Spells                   Type           Power      Damage    Failure   Level
 Animate Skeleton         Necr           0%         N/A       36%         1
 Pain                     Necr           0%         1d4       36%         1
 Vampiric Draining        Necr           0%         2d6       75%         3
 Animate Dead             Necr           0%         N/A       98%         4
 Agony                    Necr           0%         N/A       100%        5


Dungeon Overview and Level Annotations

Branches:
Dungeon (3/15)

Altars:


Innate Abilities, Weirdness & Mutations

You are partially covered in slimy green scales. (AC +2)
You regenerate magic rapidly.


Message History

You see here 11 stones.
Found a stone staircase leading down.
An endoplasm comes into view.
You hit the endoplasm.
The endoplasm is severely wounded.
The endoplasm freezes you.
You are frozen.
You hit the endoplasm.
You kill the endoplasm!
Lugonu accepts your kill.
Found a scroll labelled ZIMIPR KAOSTRIA.
There is a stone staircase leading down here.
A rat comes into view.
You barely miss the rat. The rat bites you but does no damage.
You hit the rat.
You kill the rat!
Lugonu accepts your kill.
Found a scroll labelled OGISIAN WEYTZE.
c - 2 scrolls labelled ZIMIPR KAOSTRIA (gained 1)
l - a scroll labelled OGISIAN WEYTZE
Found an escape hatch in the ceiling.
A frilled lizard, 2 orcs and an orc priest come into view.
The orc shouts! x2
A goblin comes into view. It is wielding a +0 club.
An orc comes into view. It is wielding a +0 dagger.
The goblin shouts!
The frilled lizard hisses angrily.
The orc priest looks encouraged for a moment.
The orc hits you with a +0 flail.
You closely miss the orc.
The orc priest hits you from afar with a +0 trident.
The orc hits you with a +0 flail.
You barely miss the orc.
The orc priest calls down the wrath of Beogh upon you.
Beogh smites you!
Ouch! That really hurt!
* * * LOW HITPOINT WARNING * * *
The orc closely misses you.
You hit the orc but do no damage. The orc priest completely misses you.
The orc hits you with a +0 flail.
You die...

. # ..# #.# #.# #.#
#.. ######### ##
######. ........# ..
....... #######@# #
#. ######.
#....##o##.####.####
#.
#..lo...........####.
####.##########......
#o#o..... #.#####
#.'...og. #...#
#######.#...... #.#.#
...<....#...l.. #...#
#######.# ..... #...#


You could see an orc priest, 2 orcs and a frilled lizard.

Vanquished Creatures
  2 worms (D:2)
  A dart slug (D:1)
  9 bats
  4 endoplasms
  5 goblins
  2 hobgoblins
  4 jackals (D:2)
  3 kobolds (D:1)
  2 quokkas (D:1)
  7 ball pythons
  2 frilled lizards
  4 rats
45 creatures vanquished.

Notes
Turn   | Place    | Note
-------+----------+-------------------------------------------
     0 | Abyss:1  | pepper333 the Demonspawn Abyssal Knight began the quest for
                  | the Orb.
     0 | Abyss:1  | Reached XP level 1. HP: 18/18 MP: 2/2
     3 | Abyss:1  | Found a corrupted altar of Lugonu.
    35 | D:1      | Escaped the Abyss
   258 | D:1      | Reached * piety under Lugonu
   259 | D:1      | Gained mutation: You are partially covered in slimy green
                  | scales. (AC +2) [demonic ancestry]
   259 | D:1      | Reached XP level 2. HP: 8/24 MP: 3/3
   587 | D:1      | Reached skill level 1 in Dodging
  1069 | D:1      | Gained mutation: You regenerate magic rapidly. [demonic
                  | ancestry]
  1069 | D:1      | Reached XP level 3. HP: 21/29 MP: 5/5
  1950 | D:2      | Found a faded altar of an unknown god.
  2536 | D:3      | HP: 1/29 [orc priest/divine providence (16)]
  2537 | D:3      | Slain by an orc

Illustrated notes

Levels and vault maps discovered:
D:1:      lemuel_arrival_rhombus, layout_loops_ring
D:2:      layout_loops_ring, hellmonk_ecumenical_altar_crossroads, serial_glass,
          glass_columns_a, glass_columns_a, glass_columns_a, glass_columns_c,
          glass_columns_c, glass_columns_b, glass_columns_a, glass_columns_a,
          glass_columns_a, glass_columns_a, glass_columns_b, glass_columns_a,
          glass_columns_a, glass_columns_a
D:3:      layout_basic, minivault_25, uniq_ijyb

Skill      XL: |  1  2 |
---------------+-------+-----
Armour         | 2 |  2.1
Dodging        | 1 |  1.5
Short Blades   | 2 |  2.4
Fighting       | |  3.5
Invocations    | |  2.7

Action                   || total
-------------------------++-------
Melee: Short sword       ||   173
Invok: Depart the Abyss  ||     1
Armor: Leather armour    ||   161
Dodge: Dodged            ||   214

Table legend: (Time is in decaauts)
 A = Elapsed time spent in this place.
 B = Non-inter-level travel time spent in this place.
 C = Inter-level travel time spent in this place.
 D = Time resting spent in this place.
 E = Time spent auto-exploring this place.
 F = Levels seen in this place.
 G = Mean time per level.
                   A        B        C        D        E       F      G
               +--------+--------+--------+--------+--------+-----+--------+
         Total |   2536 |   2536 |      0 |      0 |   1510 |   4 |  634.0 |
       Dungeon |   2501 |   2501 |      0 |      0 |   1476 |   3 |  833.7 |
         Abyss |     35 |     35 |      0 |      0 |     34 |   1 |   35.0 |
               +--------+--------+--------+--------+--------+-----+--------+

Top non-repeatable levels by time:
     D:1: 1455 daAuts
     D:2: 948 daAuts
     D:3: 97 daAuts
 Abyss:1: 35 daAuts
